 Dungeon Crawl Stone Soup version 0.22-a0-253-gf9d0ce56dd (webtiles) character file.

5 kroki the Skirmisher (level 1, 0/27 HPs)
             Began as a Demonspawn Berserker on Mar 3, 2018.
             Was a Follower of Trog.
             Slain by a hobgoblin
             ... wielding a +0 club
              (3 damage)
             ... on level 1 of the Dungeon.
             The game lasted 00:01:15 (118 turns).

kroki the Skirmisher (Demonspawn Berserker)          Turns: 118, Time: 00:01:16

Health: 0/27       AC:  2    Str: 22    XL:     1   Next: 66%
Magic:  1/1        EV: 12    Int:  8    God:    Trog [*.....]
Gold:   0          SH:  0    Dex: 12    Spells: 0/0 levels left

rFire    . . .     SeeInvis .   a - +0 hand axe
rCold    . . .     Gourm    .   (no shield)
rNeg     . . .     Faith    .   b - +0 animal skin
rPois    .         Spirit   .   (no helmet)
rElec    .         Reflect  .   (no cloak)
rCorr    .         Harm     .   (no gloves)
MR       .....                  (no boots)
Stlth    ..........             (no amulet)
HPRegen  0.09/turn              (no ring)
MPRegen  0.07/turn              (no ring)

@: berserking, very quick
A: no striking features
a: Berserk, Renounce Religion


You were on level 1 of the Dungeon.
You worshipped Trog.
Trog was aware of your devotion.
You were not hungry.

You visited 1 branch of the dungeon, and saw 1 of its levels.

Inventory:

Hand Weapons
 a - a +0 hand axe (weapon)
Armour
 b - a +0 animal skin (worn)
Comestibles
 c - a ration
 d - a chunk of flesh {@w0}


   Skills:
 + Level 3.0 Fighting
 + Level 2.8 Axes
 + Level 1.9 Armour
 + Level 1.9 Dodging


You couldn't memorise any spells.
You didn't know any spells.

Dungeon Overview and Level Annotations

Branches:
Dungeon (1/15)

Altars:


Message History

You are too injured to fight recklessly!
Quiver which item? (- for none, * to show all) (? for menu, Esc to quit)
Okay, then.
Drop what? 4/52 slots (_ for help) (? for menu, Esc to quit)
Okay, then.
Unknown command.
Quiver which item? (- for none, * to show all) (? for menu, Esc to quit)
Okay, then. (m)acro, (M)acro raw, keymap [(k) default, (x) level-map, (t)argeting, (c)onfirm, m(e)nu], (s)ave?
Input macro trigger key: Q Input macro action: aa Created macro 'Q' => 'aa'. (m)acro, (M)acro raw, keymap [(k) default, (x) level-map, (t)argeting, (c)onfirm, m(e)nu], (s)ave?
Saving macros.
A red film seems to cover your vision as you go berserk!
You feel yourself moving faster!
You feel mighty!
You feel a lot more hungry. The rat misses you.
You now have 21/27 hp.
Calm down first, please.
You are too injured to fight recklessly!
You don't know any spells.
You don't know any spells.
You don't know any spells.
You barely miss the goblin. You slash the rat!
You kill the rat!
Trog accepts your kill. The goblin hits you with a dagger.
You take 5 damage, and have 16/27 hp.
You slash the goblin!
You kill the goblin!
Trog accepts your kill.
A hobgoblin comes into view. It is wielding a club.
The hobgoblin shouts!
You hear a shout!
Things that are here:
a dagger; a goblin corpse You hit the rat.
You kill the rat!
Trog accepts your kill.
A goblin comes into view. It is wielding a club.
The goblin shouts!
You see here a rat corpse.
You feel a strong urge to attack something.
Found an escape hatch in the floor.
A bat comes into view.
You are no longer berserk.
You are exhausted.
You feel yourself slow down.
You now have 12/18 hp.
A rat comes into view.
The hobgoblin hits you but does no damage.
You see here a rat corpse.
The bat misses you. The bat closely misses you.
Things that are here:
a dagger; a goblin corpse The bat closely misses you.
The bat hits you.
You take 1 damage, and have 11/18 hp.
The bat hits you. The bat misses you. The hobgoblin closely misses you.
You take 1 damage, and have 10/18 hp.
The bat hits you but does no damage. The bat barely misses you.
The bat hits you but does no damage.
The hobgoblin hits you but does no damage.
The bat barely misses you. The bat hits you but does no damage.
The hobgoblin hits you with a club.
You take 2 damage, and have 8/18 hp.
The bat hits you.
You take 1 damage, and have 7/18 hp.
You aren't carrying any potions.
The rat twitches its whiskers.
The hobgoblin hits you with a club.
You take 1 damage, and have 6/18 hp.
The hobgoblin barely misses you.
You see here a scroll labeled QIPOUN GIOJUCUMO.
e - a scroll labeled QIPOUN GIOJUCUMO You feel yourself speed up.
The hobgoblin misses you.
As you read the scroll labeled QIPOUN GIOJUCUMO, it crumbles to dust.
You hear a loud clanging noise!
It was a scroll of noise.
You hear a shout!
You hear an angry hiss. x2; You hear a shout!
You hear a bark!
The hobgoblin hits you with a club.
* * * LOW HITPOINT WARNING * * *
You take 2 damage, and have 4/18 hp.
A ball python comes into view.
You recover from your berserk rage.
The ball python hisses angrily.
The ball python bites you.
* * * LOW HITPOINT WARNING * * *
The ball python barely misses you.
You take 1 damage, and have 4/18 hp.
The hobgoblin barely misses you.
You swing at nothing.
The hobgoblin hits you with a club.
* * * LOW HITPOINT WARNING * * *
You take 2 damage, and have 2/18 hp.
A red film seems to cover your vision as you go berserk!
You feel yourself moving faster!
You feel mighty!
You feel a lot more hungry. The hobgoblin hits you with a club.
You die...

####..... ........########.#
#....##.......#
#.)..?#.......#
#.#.#.#.......# #.#.#........
#.#.#........ #b#..........
#.###@###### #.r##g# .
##.##b#####.#
#############.##gS......
f#c#i#M#d#6##..........# #
#############..#..###### .#
...........'...........##.#
#############..........#..##.
V#.#O#o#N#p#.......†%........


You could see a hobgoblin, a goblin, a bat and a ball python.

Vanquished Creatures
  2 goblins (D:1)
  A bat (D:1)
  3 rats (D:1)
6 creatures vanquished.

Notes
Turn   | Place    | Note
-------+----------+-------------------------------------------
     0 | D:1      | kroki the Demonspawn Berserker began the quest for the Orb.
     0 | D:1      | Reached XP level 1. HP: 18/18 MP: 1/1
     2 | D:1      | Noticed a ghoul
     2 | D:1      | Noticed a troll
     4 | D:1      | Noticed a minotaur
     4 | D:1      | Noticed an elf
     6 | D:1      | Noticed a felid
     6 | D:1      | Noticed an octopode
     8 | D:1      | Noticed a human
     8 | D:1      | Noticed a gargoyle
    10 | D:1      | Noticed a merfolk
    12 | D:1      | Noticed a formicid
    12 | D:1      | Noticed a halfling
    14 | D:1      | Noticed a tengu
    14 | D:1      | Noticed a dwarf
    16 | D:1      | Noticed a vine stalker
    16 | D:1      | Noticed a vampire
    18 | D:1      | Noticed a centaur
    20 | D:1      | Noticed a spriggan
    20 | D:1      | Noticed an ogre
    24 | D:1      | Noticed a draconian
    24 | D:1      | Noticed a naga
    26 | D:1      | Noticed a demonspawn
    26 | D:1      | Noticed a demigod
   100 | D:1      | HP: 4/18 [hobgoblin/club (2)]
   111 | D:1      | HP: 4/18 [ball python (1)]
   116 | D:1      | HP: 2/18 [hobgoblin/club (2)]
   118 | D:1      | Slain by a hobgoblin

Vault maps used:
D:1:      kb_arrival_jail

Action                   || total
-------------------------++-------
Melee: Hand axe          ||    10
Invok: Berserk           ||     2
  Use: Scroll            ||     1
Armor: Animal skin       ||     6
Dodge: Dodged            ||    13

Table legend:
 A = Spawn XP
 B = Non-spawn XP
 C = Spawn XP percentage of total XP
 D = Spawn monster count
 E = Non-spawn monster count
 F = Spawn count percentage of total count
 G = Total turns spent on level
                    A         B        C        D         E        F      G
               +---------+---------+-------+---------+---------+-------+---------
         Total |       0 |       8 |   0.0 |       0 |       6 |   0.0 |   118
               +---------+---------+-------+---------+---------+-------+---------
           D:1 |       0 |       8 |   0.0 |       0 |       6 |   0.0 |   118
               +---------+---------+-------+---------+---------+-------+---------

Vault maps used:
D:1:      kb_arrival_jail

Table legend:
 A = Turns spent in this place as a percentage of turns spent in the entire game.
 B = Non-inter-level travel turns spent in this place as a percentage of non-inter-level travel turns spent in the entire game.
 C = Inter-level travel turns spent in this place as a percentage of turns spent in this place.
 D = Turns resting spent in this place as a percentage of non-inter-level travel turns spent in this place.
 E = Turns spent auto-exploring this place as a percentage of non-inter-level travel turns spent in this place.
 F = Non-inter-level travel turns spent in this place divided by the number of levels of this place that you've seen.
                   A       B       C       D       E      F
               +-------+-------+-------+-------+-------+----------------------
         Total | 100.0 | 100.0 |   0.0 |   0.0 |  29.7 | 118.0
       Dungeon | 100.0 | 100.0 |   0.0 |   0.0 |  29.7 | 118.0
               +-------+-------+-------+-------+-------+----------------------

Table legend:
 A = Kills in this place as a percentage of kills in entire the game.
 B = Kills by you in this place as a percentage of kills by you in the entire game.
 C = Kills by friends in this place as a percentage of kills by friends in the entire game.
 D = Other kills in this place as a percentage of other kills in the entire game.
 E = Experience gained in this place as a percentage of experience gained in the entire game.
 F = Experience gained in this place divided by the number of levels of this place that you have seen.
                   A       B       C       D       E      F
               +-------+-------+-------+-------+-------+----------------------
         Total | 100.0 | 100.0 |   N/A |   N/A | 100.0 |   8.0
       Dungeon | 100.0 | 100.0 |   N/A |   N/A | 100.0 |   8.0
               +-------+-------+-------+-------+-------+----------------------
